Map: 뉴 리퍼그넌시 - 래더

Players

Serral

  • Race: Zerg Zerg

INnoVation - Winner!

  • Race: Terran Terran

Event: WESG 2018 Grand Finals

VOD

Have the link to the VOD?

Description

Time

  • Played on: March 17, 2019, 6:30 a.m.
  • Length: 14:02

All games in this series

Show
View Real Time Build Order
Export as new Build Order

Serral Zerg 

Build Orders: Pool First, Muta Ling Bane 

Get SALT Encoding   

  12  0:00  Drone  
  13  0:12  Overlord  
  13  0:16  Drone  
  14  0:30  Drone x2  
  16  0:40  Spawning Pool  
  15  0:44  Drone  
  15  0:47  Drone  
  17  1:07  Hatchery  
  16  1:11  Drone  
  16  1:15  Drone  
  18  1:27  Zergling x4  
  18  1:30  Queen  
  22  1:34  Extractor  
  21  1:42  Overlord  
  21  1:51  Drone  
  22  2:01  Drone  
  23  2:09  Queen  
  23  2:10  Drone  
  26  2:20  Queen, Drone  
  26  2:21  Drone  
  30  2:33  Drone x2  
  32  2:39  Metabolic Boost  
  32  2:40  Drone x3  
  32  2:42  Drone  
  36  2:48  Overlord  
  36  3:02  Hatchery  
  35  3:05  Drone  
  35  3:07  Drone  
  35  3:12  Drone x2  
  39  3:13  Drone  
  39  3:18  Queen  
  42  3:22  Drone  
  42  3:23  Drone  
  44  3:30  Overlord  
  44  3:33  Extractor x2  
  44  3:34  Drone x2  
  44  3:41  Overlord  
  46  3:42  Overlord  
  46  3:49  Drone x2  
  46  3:53  Overlord  
  46  3:55  Zergling x6  
  51  3:56  Drone  
  51  4:00  Overlord  
  52  4:08  Evolution Chamber, Drone  
  52  4:12  Zergling x2  
  52  4:15  Evolution Chamber  
  52  4:16  Drone x2  
  54  4:19  Queen x2  
  54  4:21  Drone  
  59  4:25  Spore Crawler  
  59  4:26  Drone  
  59  4:27  Drone  
  59  4:29  Drone  
  59  4:30  Drone  
  62  4:32  Drone  
  62  4:34  Drone  
  62  4:36  Drone x2  
  62  4:37  Drone  
  67  4:39  Drone  
  67  4:43  Lair  
  68  4:46  Extractor  
  68  4:48  Drone x2, Extractor  
  68  4:49  Drone  
  69  4:53  Zerg Ground Armor Level 1  
  69  4:59  Drone x3  
  71  5:06  Drone x2  
  74  5:07  Roach Warren, Drone x2  
  74  5:10  Drone x2  
  74  5:12  Zergling x2  
  77  5:17  Drone x2, Extractor  
  77  5:18  Drone  
  79  5:25  Drone  
  79  5:28  Drone x2  
  82  5:33  Overlord x2  
  82  5:35  Extractor  
  81  5:36  Drone x2, Extractor  
  81  5:38  Overlord  
  81  5:41  Overlord  
  82  5:46  Glial Reconstitution  
  82  5:52  Roach x5  
  82  5:55  Roach  
  94  5:58  Roach  
  94  6:01  Roach  
  97  6:05  Roach x5  
  97  6:09  Roach x2  
  113  6:16  Overlord x2  
  113  6:19  Ravager  
  113  6:20  Spore Crawler  
  113  6:21  Ravager x2  
  113  6:22  Overlord  
  112  6:25  Overlord  
  112  6:31  Ravager  
  112  6:34  Roach x8  
  119  6:42  Roach x6  
  112  6:47  Roach x2  
  112  6:53  Roach x2  
  104  6:55  Queen x2  
  104  6:59  Roach x2  
  103  7:03  Roach  
  103  7:07  Ravager x2  
  107  7:19  Roach x3  
  107  7:22  Zerg Missile Weapons Level 1  
  113  7:23  Hatchery  
  113  7:27  Roach x2  
  116  7:37  Roach x2  
  122  7:44  Roach  
  122  7:52  Zerg Ground Armor Level 2  
  122  7:54  Overlord  
  122  7:55  Overlord  
  122  8:01  Overlord  
  122  8:07  Overlord  
  122  8:10  Drone  
  122  8:11  Drone x3  
  130  8:12  Roach  
  130  8:13  Roach  
  130  8:14  Drone  
  131  8:21  Extractor  
  131  8:25  Extractor  
  127  8:28  Drone x2  
  129  8:36  Drone x2  
  129  8:37  Queen, Baneling Nest  
  129  8:39  Spire  
  131  8:41  Queen  
  131  8:44  Hatchery  
  131  8:46  Ravager x2  
  134  8:55  Roach x6  
  146  8:57  Zergling x2  
  146  8:58  Zergling x6  
  150  9:07  Overlord  
  150  9:09  Overlord  
  148  9:13  Roach x3  
  148  9:18  Overlord x4  
  148  9:26  Queen  
  148  9:29  Centrifical Hooks  
  141  9:50  Mutalisk x7  
  141  9:52  Zergling x4, Hatchery  
  157  9:56  Zergling x6  
  159  10:02  Ravager  
  159  10:04  Zergling x2  
  159  10:05  Zergling x8  
  165  10:11  Overlord  
  165  10:13  Overlord  
  165  10:15  Zerg Melee Weapons Level 1  
  165  10:17  Zergling x10  
  170  10:23  Ravager x3  
  174  10:28  Zergling x6  
  174  10:31  Baneling x10  
  174  10:34  Drone x3  
  179  10:38  Drone x2  
  179  10:40  Drone x3  
  179  10:41  Drone  
  185  10:44  Zerg Flyer Weapons Level 1  
  185  10:48  Mutalisk  
  187  10:53  Mutalisk  
  188  10:57  Drone x4  
  191  11:06  Extractor x2, Mutalisk  
  191  11:09  Mutalisk  
  193  11:15  Hatchery  
  193  11:16  Mutalisk x2  
  198  11:28  Mutalisk  
  198  11:43  Baneling  
  198  11:44  Baneling x11  
  198  11:47  Zergling x2  
  194  11:56  Zergling x16  
  194  12:08  Baneling x4  
  194  12:11  Zergling x18  
  198  12:16  Zergling x6  
  198  12:22  Zergling x10  
  194  12:31  Ravager x3  
  194  12:34  Zergling x6  
  200  12:41  Hatchery  
  194  12:45  Zergling x26  
  191  12:57  Zergling x8  
  193  13:03  Baneling x10  
  193  13:04  Baneling x5  
  191  13:13  Hatchery  
  191  13:15  Baneling x12  
  191  13:17  Overlord  
  189  13:21  Zergling x10  
  188  13:30  Zergling x14  
  192  13:40  Zergling x12  
Show
View Real Time Build Order
Export as new Build Order

INnoVation Terran - Winner!

Build Orders: Gas First Reaper Expand 

Get SALT Encoding   

  12  0:00  SCV  
  13  0:12  SCV  
  14  0:16  Supply Depot  
  14  0:24  SCV  
  14  0:27  Refinery  
  15  0:38  SCV  
  16  0:44  Barracks  
  16  0:50  SCV  
  17  1:02  SCV  
  18  1:14  SCV  
  19  1:30  Orbital Command  
  19  1:31  Reaper  
  20  1:42  Command Center  
  20  1:53  Factory  
  20  1:57  SCV  
  21  2:05  Barracks Reactor  
  21  2:09  SCV  
  21  2:14  Supply Depot  
  22  2:18  Refinery  
  22  2:21  SCV  
  23  2:35  SCV  
  24  2:42  Starport  
  24  2:44  Hellion x2  
  28  2:47  SCV  
  29  2:53  Orbital Command  
  29  2:56  Barracks Tech Lab  
  29  3:00  SCV  
  30  3:09  Hellion  
  30  3:11  Hellion  
  35  3:12  SCV  
  35  3:18  Viking  
  37  3:22  SCV  
  37  3:25  SCV  
  39  3:28  Stimpack  
  39  3:37  Supply Depot, SCV  
  39  3:38  SCV  
  39  3:39  Factory Tech Lab  
  39  3:40  Marine  
  42  3:50  Barracks  
  42  3:51  Starport Reactor, SCV x2  
  43  3:56  Barracks  
  43  4:03  SCV x2  
  43  4:07  Engineering Bay  
  45  4:11  Supply Depot  
  45  4:14  Siege Tank  
  45  4:16  SCV  
  49  4:17  SCV  
  49  4:19  Marine  
  51  4:28  SCV  
  51  4:29  SCV  
  53  4:33  Refinery  
  53  4:34  Terran Infantry Weapons Level 1  
  53  4:35  Starport Reactor  
  53  4:37  Marine  
  54  4:39  Marine x2  
  54  4:40  Supply Depot  
  54  4:42  SCV  
  54  4:44  SCV  
  58  4:51  Supply Depot  
  58  4:52  Siege Tank  
  61  4:53  Marine  
  62  5:01  Marine x2  
  62  5:02  SCV x2  
  62  5:06  Marine x2, Supply Depot  
  68  5:11  Marine  
  69  5:16  Medivac  
  69  5:19  Marine x2  
  69  5:20  Supply Depot, SCV x2  
  69  5:21  Medivac  
  77  5:25  Marine  
  77  5:26  Supply Depot  
  77  5:27  Marine  
  79  5:31  Marine  
  80  5:35  Combat Shield  
  80  5:37  Marine x2  
  82  5:43  Marine  
  82  5:44  SCV, Supply Depot  
  82  5:45  SCV  
  82  5:47  Siege Tank  
  88  5:51  Marine x2  
  88  5:55  Marine x2  
  92  6:01  Medivac, Marine  
  92  6:02  Supply Depot  
  95  6:09  Marine  
  95  6:11  Marine  
  97  6:13  Marine x2  
  99  6:19  Marine, Siege Tank  
  99  6:23  SCV x2  
  99  6:24  Refinery  
  105  6:27  Marine  
  105  6:28  Marine  
  105  6:30  Marine x2  
  105  6:32  Terran Infantry Armor Level 1  
  107  6:34  Supply Depot  
  107  6:36  Marine  
  102  6:45  Marine  
  102  6:46  Marine  
  91  6:48  Marine x2  
  91  6:51  Siege Tank  
  92  6:54  Medivac, Marine  
  92  6:58  SCV x2  
  91  7:02  Marine  
  91  7:04  Marine  
  91  7:06  Marine x2  
  94  7:11  Command Center  
  94  7:12  Marine  
  95  7:20  Marine  
  95  7:22  Marine  
  97  7:24  Barracks, Marauder, Marine, SCV x2, Siege Tank  
  97  7:25  Barracks  
  105  7:35  Medivac x2  
  105  7:36  Marine  
  110  7:38  Marine  
  110  7:43  SCV x2  
  113  7:46  Marauder  
  115  7:55  SCV x2  
  115  7:56  Siege Tank  
  120  8:00  Concussive Shells  
  120  8:05  Missile Turret  
  120  8:07  SCV  
  120  8:08  SCV  
  120  8:10  Marauder, Marine x2  
  126  8:15  Barracks Tech Lab x2  
  126  8:16  Supply Depot x2  
  126  8:22  Marine x2  
  127  8:28  Orbital Command, SCV  
  127  8:29  SCV  
  127  8:32  Armory  
  129  8:35  Engineering Bay  
  129  8:37  Siege Tank  
  132  8:43  SCV x2  
  132  8:44  Refinery  
  132  8:46  Marauder  
  132  8:47  Marauder  
  138  8:50  Marauder  
  138  8:54  Refinery  
  140  8:59  Supply Depot  
  140  9:08  Factory  
  140  9:09  Siege Tank  
  143  9:10  SCV  
  143  9:11  SCV x2  
  149  9:17  Marauder x3  
  151  9:26  Supply Depot  
  151  9:27  Supply Depot  
  151  9:28  Terran Infantry Armor Level 2, Terran Infantry Weapons Level 2  
  139  9:39  Command Center  
  139  9:43  Marauder x3  
  145  9:46  Marine x3  
  145  9:51  Siege Tank  
  151  9:55  Factory Tech Lab  
  151  9:56  Supply Depot  
  151  9:57  Terran Vehicle Weapons Level 1  
  151  10:02  Medivac x2  
  155  10:09  Marauder x3  
  155  10:12  Marine x2  
  155  10:13  Marine x2  
  168  10:22  Missile Turret  
  168  10:23  Missile Turret x2  
  168  10:24  Thor  
  171  10:30  Thor  
  172  10:43  Medivac x2  
  172  10:48  Marine x4  
  172  10:49  Marauder x2  
  186  10:50  Marauder  
  186  10:54  SCV x3  
  187  11:06  Marine x4  
  187  11:08  Siege Tank  
  187  11:11  Marauder x3  
  199  11:32  Marine  
  200  11:36  Missile Turret  
  200  11:37  Command Center  
  200  11:41  Barracks  
  200  11:42  Barracks  
  200  11:44  Barracks  
  192  11:50  Siege Tank x2  
  192  11:53  Marauder x2, Marine x2  
  194  12:06  Planetary Fortress  
  194  12:07  SCV x3  
  192  12:14  Marauder  
  192  12:15  Marine  
  192  12:16  Marauder, Marine  
  192  12:17  Barracks Reactor  
  192  12:20  SCV x2  
  192  12:21  SCV  
  188  12:25  Siege Tank  
  184  12:34  Thor  
  184  12:35  Marauder  
  187  12:47  Marine x4  
  187  12:50  Medivac x2  
  188  12:56  Marine x2  
  188  12:57  Marine  
  184  13:14  SCV x2  
  184  13:15  Siege Tank, SCV  
  184  13:18  Siege Tank  
  191  13:20  Marine x4  
  188  13:38  SCV  
  188  13:39  SCV  
Tags
 
Add a new tag
Caveats
  • Supply blocks, unpowered buildings, or Contaminate may cause inaccurate times.
  • Supply counts are checked every 10 seconds.